 Dungeon Crawl Stone Soup version 0.19.5 (webtiles) character file.

786 Hordtkhen the Shield-Bearer (level 7, -2/61 HPs)
             Began as a Minotaur Fighter on Apr 15, 2017.
             Slain by Frank's ghost (4 damage)
             ... on level 4 of the Dungeon.
             The game lasted 00:21:22 (2793 turns).

Hordtkhen the Shield-Bearer (Minotaur Fighter)      Turns: 2793, Time: 00:21:22

Health: -2/61      AC:  8    Str: 21    XL:     7   Next: 56%
Magic:  6/6        EV:  9    Int:  5    God:
Gold:   155        SH: 10    Dex: 11    Spells: 0 memorised, 6 levels left

rFire  . . .     SeeInvis .     x - +2 whip (flame)
rCold  . . .     Gourm    .     b - +0 scale mail
rNeg   . . .     Faith    .     c - +0 shield
rPois  .         Spirit   .     (helmet restricted)
rElec  .         Reflect  .     (no cloak)
rCorr  .         Harm     .     g - +0 pair of gloves
MR     .....                    (no boots)
Stlth  ..........               d - amulet of magic regeneration
                                (no ring)
                                (no ring)

@: hasted, very quick
A: retaliatory headbutt, horns 2
a: no special abilities


You were on level 4 of the Dungeon.
You were not hungry.

You visited 1 branch of the dungeon, and saw 4 of its levels.

You collected 155 gold pieces.

Inventory:

Hand Weapons
 a - a +0 war axe
 l - a +2 dagger of venom
 o - a cursed +0 great sword
 s - a +0 morningstar
 x - a +2 whip of flaming (weapon)
Missiles
 r - 22 bolts (quivered)
 w - 21 arrows
Armour
 b - a +0 scale mail (worn)
 c - a +0 shield (worn)
 g - a +0 pair of gloves (worn)
Jewellery
 d - an amulet of magic regeneration (around neck)
Scrolls
 e - 7 scrolls of identify {unknown}
 h - a scroll of remove curse {unknown}
 j - a scroll of fear {unknown}
 q - 2 scrolls of magic mapping {unknown}
 t - 2 scrolls of enchant weapon {unknown}
 v - a scroll of teleportation {unknown}
Potions
 m - a potion of magic
Comestibles
 f - 3 bread rations
 k - a meat ration
 n - 4 fruits
 p - a royal jelly


   Skills:
 + Level 5.1 Fighting
 + Level 5.1 Axes
 + Level 6.1 Armour
 + Level 2.2 Dodging
 + Level 0.1 Stealth
 + Level 6.9 Shields


You had 6 spell levels left.
You didn't know any spells.

Dungeon Overview and Level Annotations

Branches:
Dungeon (4/15)
 Temple: D:4-7

Altars:

Annotations:
D:4 Frank's ghost, novice GrFi


Innate Abilities, Weirdness & Mutations

You reflexively headbutt those who attack you in melee.
You have a pair of horns on your head.


Message History

Frank's ghost is almost destroyed.
Frank's ghost hits you.
Frank's ghost hits you but does no damage.
You hit Frank's ghost but do no damage.
Frank's ghost is almost destroyed.
Frank's ghost hits you.
You closely miss Frank's ghost.
Frank's ghost is almost destroyed.
Frank's ghost hits you!
You hit Frank's ghost but do no damage.
Frank's ghost is almost destroyed.
Frank's ghost hits you!
* * * LOW HITPOINT WARNING * * *
All of the chunks of flesh in your inventory have rotted away.
You hit Frank's ghost but do no damage. Your headbutt misses Frank's ghost.
Frank's ghost is almost destroyed.
Frank's ghost hits you!
* * * LOW HITPOINT WARNING * * *
You feel yourself speed up. Frank's ghost hits you.
You die...

#.....# #.....####
##.....##.## ######
#..........# #.....
#..........# #.....
#..........# #..... #
#..........### #.....
.#.##.###............###..p..
...........W@................
##......#####......##........
#.......< .......###[.......
#........####.##..#....#.....
.......... ...........##.....
..........###.#....##.#######
#.....#..). ......###..
......=..... ..... ##. ... #


You could see Frank's ghost.

Vanquished Creatures
  Pikel (D:4)
  A slave (D:4)
  An orc priest (D:3)
  A bullfrog skeleton (D:3)
  Ijyb (D:3)
  Natasha (thrice) (D:3)
  2 worker ants
  A hound skeleton (D:4)
  5 adders
  A worm (D:2)
  2 leopard geckos
  12 orcs
  A ball python (D:4)
  7 bats
  7 goblins
  10 hobgoblins
  5 jackals (D:3)
  10 kobolds
  5 quokkas
  4 frilled lizards
  8 rats
88 creatures vanquished.

Notes
Turn   | Place    | Note
-------+----------+-------------------------------------------
     0 | D:1      | Hordtkhen the Minotaur Fighter began the quest for the Orb.
     0 | D:1      | Reached XP level 1. HP: 19/19 MP: 0/0
   290 | D:1      | Reached XP level 2. HP: 26/27 MP: 1/1
   867 | D:2      | Reached XP level 3. HP: 26/33 MP: 2/2
  1388 | D:3      | Reached skill level 5 in Shields
  1388 | D:3      | Reached XP level 4. HP: 40/40 MP: 3/3
  1669 | D:3      | Reached XP level 5. HP: 13/46 MP: 4/4
  1997 | D:3      | Noticed Ijyb
  1998 | D:3      | Noticed Natasha
  2012 | D:3      | Killed Ijyb
  2018 | D:3      | Killed Natasha
  2129 | D:3      | Reached skill level 1 in Dodging
  2205 | D:3      | Reached skill level 5 in Armour
  2208 | D:3      | Noticed Natasha
  2231 | D:3      | Killed Natasha
  2244 | D:3      | Noticed Natasha
  2257 | D:3      | Killed Natasha
  2257 | D:3      | Reached XP level 6. HP: 40/53 MP: 5/5
  2640 | D:4      | Noticed a slave
  2652 | D:4      | Killed a slave
  2654 | D:4      | Noticed a slave
  2655 | D:4      | Noticed a slave
  2655 | D:4      | Noticed Pikel
  2655 | D:4      | Noticed a slave
  2679 | D:4      | Killed Pikel
  2679 | D:4      | Reached skill level 5 in Fighting
  2679 | D:4      | Reached skill level 5 in Axes
  2679 | D:4      | Reached XP level 7. HP: 31/61 MP: 6/6
  2772 | D:4      | Noticed Frank's ghost (novice GrFi)
  2791 | D:4      | HP: 2/61 [Frank's ghost (13)]
  2793 | D:4      | Slain by Frank's ghost

Skill      XL: |  1  2  3  4  5  6 |
---------------+-------------------+-----
Shields        | 4 5 6 |  6.9
Armour         | 4 5 6 |  6.1
Axes           | 3 5 |  5.1
Fighting       | 4 5 |  5.1
Dodging        | 1 2 |  2.2
Stealth        | |  0.1

Action                   |  1- 3 |  4- 6 |  7- 9 || total
-------------------------+-------+-------+-------++-------
Melee: War axe           |   112 |   160 |       ||   272
       Headbutt          |    10 |    33 |     6 ||    49
       Whip              |       |       |    14 ||    14
  Use: Potion            |       |     8 |     1 ||     9
  Eat: Chunk             |     2 |     4 |     1 ||     7
Armor: Scale mail        |    54 |    66 |     4 ||   124
Dodge: Dodged            |    44 |    55 |     1 ||   100
Block: Shield            |    67 |   117 |     2 ||   186
